 Dungeon Crawl Stone Soup version 0.30-a0-881-g1ff12e1e11 (webtiles) character file.

Game seed: 15627512243335637992

361 ooooo the Conjurer (level 6, -2/41 HPs)
             Began as a Demonspawn Conjurer on Mar 14, 2023.
             Slain by Crazy Yiuf
             ... wielding a +4 quarterstaff of chaos
              (12 damage)
             ... on level 4 of the Dungeon.
             The game lasted 00:05:38 (3381 turns).

ooooo the Conjurer (Demonspawn Conjurer)            Turns: 3381, Time: 00:05:39

Health: -2/41      AC:  8    Str:  7    XL:     6   Next: 38%
Magic:  5/9        EV: 13    Int: 22    God:
Gold:   186        SH:  4    Dex: 11    Spells: 6/9 levels left

rFire   + . .      SeeInvis +    s - +1 dagger (venom)
rCold   + . .      Faith    .    (no shield)
rNeg    . . .      Spirit   .    g - +0 leather armour
rPois   .          Reflect  .    (no helmet)
rElec   .          Rampage  .    (no cloak)
rCorr   +                        (no gloves)
Will    .....                    c - +0 pair of boots
Stlth   +                        (no amulet)
HPRegen 0.26/turn                n - +4 ring of protection
MPRegen 0.11/turn                z - ring "Caeweph" {rF+ rC+ rCorr SInv}

@: no status effects
A: repulsion field 1, condensation shield, weakness stinger 1
a: no special abilities


You were on level 4 of the Dungeon.
You visited 1 branch of the dungeon, and saw 4 of its levels.

You collected 186 gold pieces.

Inventory:

Hand Weapons
 d - a +0 dagger
 h - a +0 short sword
 s - a +1 dagger of venom (weapon)
Missiles
 i - 2 boomerangs
 v - 4 datura-tipped darts
 A - a boomerang of dispersal
Armour
 a - a +0 robe
 c - a +0 pair of boots (worn)
 g - a +0 leather armour (worn)
Jewellery
 n - a +4 ring of protection (left hand)
 r - a +6 ring of strength
 y - a ring of protection from fire
 z - the ring "Caeweph" (right hand) {rF+ rC+ rCorr SInv}
   (You found it on level 3 of the Dungeon)

   [ring of protection from fire]

   rF:        It protects you from fire.
   rC:        It protects you from cold.
   SInv:      It lets you see invisible.
   rCorr:     It protects you from acid and corrosion.
 E - an amulet of guardian spirit
Wands
 u - a wand of flame (69)
 F - a wand of light (8)
Scrolls
 f - a scroll of vulnerability {unknown}
 j - a scroll of enchant weapon {unknown}
 m - 4 scrolls of noise {unknown}
 o - a scroll of identify {unknown}
 w - a scroll of teleportation {unknown}
 B - a scroll of fear {unknown}
 D - a scroll of enchant armour {unknown}
Potions
 b - 2 potions of magic
 e - 3 potions of curing
 k - a potion of flight {unknown}
 l - 2 potions of mutation {unknown}
 p - a potion of attraction {unknown}
 q - a potion of ambrosia {unknown}
 t - a potion of might {unknown}
 x - a potion of lignification {unknown}
 C - a potion of degeneration {unknown}


   Skills:
 - Level 1.7 Dodging
 - Level 1.7 Stealth
 - Level 2.0 Spellcasting
 + Level 7.8 Conjurations


You had 6 spell levels left.
You knew the following spells:

 Your Spells              Type           Power      Damage    Failure   Level
a - Searing Ray           Conj           72%        2d7       1%          2
b - Magic Dart            Conj           100%       1d8       1%          1

Your spell library contained the following spells:

 Spells                   Type           Power      Damage    Failure   Level
 Dazzling Flash           Conj/Hex       38%        N/A       13%         3
 Hailstorm                Conj/Ice       19%        3d6       13%         3
 Freeze                   Ice            8%         1d3       21%         1
 Mephitic Cloud           Conj/Pois/Air  13%        N/A       22%         3
 Cigotuvi's Dreadful Rot  Necr/Pois/Air  4%         N/A       30%         2
 Poisonous Vapours        Pois/Air       4%         N/A       30%         2
 Fulminant Prism          Conj/Hex       9%         3d7       38%         4
 Iskenderun's Mystic Bla  Conj/Tloc      19%        2d6       38%         4
 Frozen Ramparts          Ice            4%         1d1       52%         3
 Dispel Undead            Necr           2%         3d7       90%         4
 Death Channel            Necr           1%         N/A       100%        6


Dungeon Overview and Level Annotations

Branches:
Dungeon (4/15) Zot: 20622
 Temple: D:4-7

Altars:
Nemelex Xobeh

Annotations:
D:4 Crazy Yiuf


Innate Abilities, Weirdness & Mutations

You are surrounded by a mild repulsion field. (EV +2)
A meltable shield of frost defends you. (SH +4)
You have a small tail.


Message History

You kill Natasha!
You feel Natasha's spirit has finally been put to rest.
No target in view!
No target in view!
u - a wand of flame (69) (gained 28 charges)
Your icy envelope is restored.
There is a shaft here.
There is a shaft here.
There is a shaft here.
There is a shaft here.
You see here 9 stones.
You see here a +0 dagger.
You see here a +0 dagger.
You see here 9 stones.
Could not explore, unopened runed door.
You open the door.
Crazy Yiuf drinks a potion.
Crazy Yiuf goes berserk!
Casting: Searing Ray (safe; 1% risk of failure)
Confirm with . or Enter, or press ? or * to list all spells.
Aiming: Searing Ray (safe; 1% risk of failure)
Press: ? - help, Shift-Dir - straight line, f - Crazy Yiuf
Aim: Crazy Yiuf, wielding a +4 quarterstaff of chaos and wearing a +0 cloak (berserk, 83% to hit)
The searing ray misses Crazy Yiuf. (Press . to maintain the ray.) Unknown command.
The searing ray hits Crazy Yiuf!
Crazy Yiuf is heavily wounded.
Crazy Yiuf hits you with a +4 quarterstaff of chaos!
Crazy Yiuf freezes you. You block Crazy Yiuf's attack.
Unknown command.
The searing ray hits Crazy Yiuf.
Crazy Yiuf is heavily wounded.
Crazy Yiuf hits you with a +4 quarterstaff of chaos!!
Ouch! That really hurt!
* * * LOW HITPOINT WARNING * * *
You are lethally poisoned!
Unknown command.
Unknown command.
It was a potion of curing.
You feel better.
Crazy Yiuf hits you with a +4 quarterstaff of chaos!
You die...

...............#
#.#.#.#.##)#.
...........#####
###.#.#.##.#. ...........#
#.........#. ##....######
##### #......##.#.
...........# #..)#
#.....###.#. ##########.#
#...# #####.# #.#.
.......###.# ...
#...#.###.#. ######.#...#
#g# #...#...#.#.
.....#.#.#.# ##@#
#...#...#.#. ####.....#.#
#.## #...#.#.#.#.
.......###.# ##.#
#...#.###.#. #.#....# #.#
#.## #...#.....#.
..#....##### ##.##
#...#######. ##...#.....#
#...## #...........
.....#.##### #....#
#...######## ....##.#
#....# #...#
.....#.#######....####..<#


You could see Crazy Yiuf (berserk).

Vanquished Creatures
  A black bear (D:4)
  A hound (D:4)
  Jessica (D:3)
  Ijyb (D:3)
  An iguana (D:4)
  Natasha (thrice) (D:4)
  An adder (D:4)
  3 worms (D:4)
  3 dart slugs
  4 orcs (D:3)
  5 ball pythons
  7 endoplasms
  4 giant cockroaches
  7 goblins
  4 hobgoblins
  3 jackals (D:1)
  10 bats
  2 frilled lizards
  5 kobolds
  3 rats
69 creatures vanquished.

Notes
Turn   | Place    | Note
-------+----------+-------------------------------------------
     0 | D:1      | ooooo the Demonspawn Conjurer began the quest for the Orb.
     0 | D:1      | Reached XP level 1. HP: 13/13 MP: 3/3
   172 | D:1      | Gained mutation: You have a small tail. [demonic ancestry]
   172 | D:1      | Reached XP level 2. HP: 11/19 MP: 0/5
   565 | D:1      | Learned a level 2 spell: Searing Ray
   647 | D:1      | You fall into a shaft and drop 1 floor!
   832 | D:2      | Reached skill level 5 in Conjurations
   882 | D:2      | Reached XP level 3. HP: 22/24 MP: 6/6
  1358 | D:2      | Found a sparkling altar of Nemelex Xobeh.
  1624 | D:3      | Noticed Jessica
  1631 | D:3      | Killed Jessica
  1632 | D:3      | Gained mutation: A meltable shield of frost defends you.
                  | (SH +4) [demonic ancestry]
  1632 | D:3      | Reached XP level 4. HP: 30/30 MP: 2/7
  1703 | D:3      | Noticed Ijyb
  1717 | D:3      | Killed Ijyb
  1718 | D:3      | Reached skill level 6 in Conjurations
  2088 | D:3      | Identified the ring "Caeweph" {rF+ rC+ rCorr SInv}
  2437 | D:4      | Found a runed translucent door.
  2438 | D:4      | Noticed Crazy Yiuf
  2504 | D:4      | Gained mutation: You are surrounded by a mild repulsion
                  | field. (EV +2) [demonic ancestry]
  2504 | D:4      | Reached XP level 5. HP: 35/35 MP: 2/8
  2614 | D:4      | Noticed Natasha
  2624 | D:4      | Killed Natasha
  2714 | D:4      | Noticed a black bear
  2723 | D:4      | Killed a black bear
  2724 | D:4      | Reached skill level 7 in Conjurations
  2724 | D:4      | Reached XP level 6. HP: 35/41 MP: 6/9
  2755 | D:4      | Noticed Natasha
  2759 | D:4      | Killed Natasha
  3150 | D:4      | Noticed Natasha
  3156 | D:4      | Killed Natasha
  3381 | D:4      | Slain by Crazy Yiuf

Illustrated notes

Levels and vault maps discovered:
D:1:      tarquinn_simple_flora_water_a, layout_rooms
D:2:      layout_basic, basic_altar
D:3:      layout_basic, uniq_jessica, uniq_ijyb
D:4:      layout_basic, nicolae_wormholes, uniq_natasha, uniq_crazy_yiuf_cottage

Skill      XL: |  1  2  3  4  5 |
---------------+----------------+-----
Conjurations   | 5 6 7 |  7.8
Dodging        | |  1.7
Stealth        | |  1.7
Spellcasting   | |  2.0

Action                     |  1- 3 |  4- 6 || total
---------------------------+-------+-------++-------
  Melee: Dagger            |    33 |    91 ||   124
         Unarmed           |     5 |       ||     5
         Short sword       |    51 |       ||    51
         Tailslap          |     8 |    14 ||    22
   Cast: Magic Dart        |    26 |       ||    26
         Searing Ray       |     5 |     7 ||    12
    Use: Potion            |       |     1 ||     1
   Stab: Sleeping          |       |     1 ||     1
 Armour: Robe              |     5 |       ||     5
         Leather armour    |    32 |    27 ||    59
  Dodge: Dodged            |    71 |    49 ||   120
  Block: Other             |       |    18 ||    18

Table legend: (Time is in decaauts)
 A = Elapsed time spent in this place.
 B = Non-inter-level travel time spent in this place.
 C = Inter-level travel time spent in this place.
 D = Time resting spent in this place.
 E = Time spent auto-exploring this place.
 F = Levels seen in this place.
 G = Mean time per level.
                   A        B        C        D        E       F      G
               +--------+--------+--------+--------+--------+-----+--------+
         Total |   3376 |   3342 |     34 |    223 |   2531 |   4 |  844.0 |
       Dungeon |   3376 |   3342 |     34 |    223 |   2531 |   4 |  844.0 |
               +--------+--------+--------+--------+--------+-----+--------+

Top non-repeatable levels by time:
     D:4: 1034 daAuts
     D:3: 921 daAuts
     D:2: 774 daAuts
     D:1: 646 daAuts
